 Dungeon Crawl Stone Soup version 0.30-a0-702-gdf48620a09 (webtiles) character file.

Game seed: 177482201117717017

4687 Bnni the Jinx (level 10, -3/76 HPs)
             Began as a Formicid Hexslinger on Jan 21, 2023.
             Was a Believer of Dithmenos.
             Shot with an arrow by a centaur (6 damage)
             ... on level 8 of the Dungeon.
             The game lasted 00:19:45 (9165 turns).

Bnni the Jinx (Formicid Hexslinger)                 Turns: 9165, Time: 00:19:45

Health: -3/76      AC:  7    Str: 15    XL:     10   Next: 72%
Magic:  3/17       EV: 12    Int: 15    God:    Dithmenos [**....]
Gold:   596        SH:  0    Dex: 16    Spells: 3/19 levels left

rFire   + + .      SeeInvis +    F - +2 shortbow (drain)
rCold   x . .      Faith    .    (no shield)
rNeg    . . .      Spirit   .    m - +2 leather armour {rF+}
rPois   .          Reflect  .    (helmet unavailable)
rElec   .          Harm     .    l - +0 cloak
rCorr   .          Rampage  .    w - +0 pair of gloves
Will    +....                    (no boots)
Stlth   +                        (no amulet)
HPRegen 0.32/turn                g - ring of fire
MPRegen 0.15/turn                (no ring)

@: wreathed by umbra
A: permanent stasis, dig shafts and tunnels, antennae 3, four strong arms
a: Dig, Shaft Self, Renounce Religion, Shadow Step


You were on level 8 of the Dungeon.
You worshipped Dithmenos.
Dithmenos was pleased with you.
You visited 1 branch of the dungeon, and saw 8 of its levels.

You collected 596 gold pieces.

Inventory:

Hand Weapons
 F - a +2 shortbow of draining (weapon)
Missiles
 n - 10 poisoned darts
 y - 9 curare-tipped darts
Armour
 l - a +0 cloak (worn)
 m - a +2 leather armour of fire resistance (worn)
 w - a +0 pair of gloves (worn)
Jewellery
 g - a ring of fire (left hand)
Wands
 e - a wand of acid (8)
 r - a wand of charming (18)
 B - a wand of mindburst (10)
 D - a wand of iceblast (4)
Scrolls
 b - 5 scrolls of poison
 c - 4 scrolls of vulnerability {unknown}
 d - 3 scrolls of blinking {unknown}
 f - a scroll of enchant weapon
 i - 2 scrolls of fog
 k - 2 scrolls of enchant armour {unknown}
 o - a scroll of immolation {unknown}
 p - 2 scrolls of amnesia {unknown}
 s - 4 scrolls of teleportation {unknown}
 t - 2 scrolls of fear {unknown}
 u - a scroll of brand weapon {unknown}
 A - a scroll of torment {unknown}
 C - a scroll of magic mapping {unknown}
 E - 3 scrolls of identify
Potions
 h - a potion of curing
 j - 4 potions of mutation
 q - 4 potions of magic {unknown}
 v - 2 potions of cancellation {unknown}
 x - a potion of ambrosia {unknown}
 z - 2 potions of brilliance {unknown}


   Skills:
 + Level 5.8 Fighting
 * Level 7.7 Ranged Weapons
 - Level 4.0 Armour
 - Level 1.7 Dodging
 - Level 5.0 Spellcasting
 * Level 9.8 Hexes
 + Level 4.3 Summonings
 - Level 3.0 Translocations
 - Level 3.0 Fire Magic


You had 3 spell levels left.
You knew the following spells:

 Your Spells              Type           Power      Damage    Failure   Level
a - Slow                  Hex            100%       N/A       1%          1
b - Inner Flame           Hex/Fire       34%        N/A       4%          3
c - Portal Projectile     Hex/Tloc       46%        N/A       4%          3
d - Cause Fear            Hex            16%        N/A       3%          4
m - Summon Mana Viper     Hex/Summ       25%        N/A       30%         5

Your spell library contained the following spells:

 Spells                   Type           Power      Damage    Failure   Level
 Summon Ice Beast         Ice/Summ       10%        N/A       63%         4
 Alistair's Intoxication  Tmut/Pois      2%         N/A       99%         5
 Borgnjor's Vile Clutch   Necr/Erth      1%         N/A       99%         5
 Eringya's Noxious Bog    Tmut/Pois      1%         N/A       100%        6
 Monstrous Menagerie      Summ           8%         N/A       100%        7


Dungeon Overview and Level Annotations

Branches:
Dungeon (8/15)             Temple (0/1) D:7
   Lair: D:8-11

Altars:
Ashenzari
Dithmenos
Fedhas
Hepliaklqana
Makhleb
Nemelex Xobeh
Okawaru
Vehumet
Wu Jian
Yredelemnul
Zin

Shops:
D:5 [


Innate Abilities, Weirdness & Mutations

You cannot be hasted, slowed, berserked, paralysed or teleported.
You can dig through walls and to a lower floor.
You have a pair of large antennae on your head. (SInv)
Your four strong arms can wield two-handed weapons with a shield.


Message History

An orc comes into view. It is wielding a +0 short sword.
The centaur misses you. The centaur barely misses you.
The vampire mosquito completely misses you.
You shoot an arrow. The arrow hits the centaur.
You drain the centaur.
The centaur is almost dead.
The vampire mosquito bites you but does no damage.
The centaur hits you but does no damage.
The centaur kicks you.
* * * LOW HITPOINT WARNING * * *
The vampire mosquito bites you!
* * * LOW HITPOINT WARNING * * *
The vampire mosquito draws strength from your injuries!
The centaur hits you.
* * * LOW HITPOINT WARNING * * *
The centaur misses you.
Okay, then.
Press: ? - help, v - describe, . - travel
Here: an orc wizard, wielding a +6 dagger and wearing a +0 robe (umbra)
The floor.
Unknown command.
You shoot an arrow. The arrow hits the centaur!
You kill the centaur!
Dithmenos accepts your kill.
You hear a shout!
The vampire mosquito completely misses you.
The vampire mosquito bites you.
* * * LOW HITPOINT WARNING * * *
The vampire mosquito draws strength from your injuries!
The orc wizard hits you with a +6 dagger.
* * * LOW HITPOINT WARNING * * *
A centaur comes into view.
Your life force feels restored.
You feel better. The vampire mosquito bites you!
* * * LOW HITPOINT WARNING * * *
The vampire mosquito draws strength from your injuries!
The orc wizard hits you with a +6 dagger.
* * * LOW HITPOINT WARNING * * *
The vampire mosquito barely misses you.
The centaur wields a +0 shortbow.
The centaur shoots an arrow.
The arrow hits you.
You die...

................#...##.#...
#.#..c..........#.......... .
#..#...................#...
#c#..{................#......
#))..{#.......##.......##...
{#(...#........#.#.....##..#
#.#.....#..................
.#.......#)...............##
#........oo@............###
.......##.#y#...........##
.........#.............##
.......................#
.##...##.#...#.......... #...
#.#...##........## ....
......#.......### . .#.....#
...... ..#...### #.#.#


You could see a vampire mosquito, a centaur, an orc wizard and an orc.

Vanquished Creatures
  A deep elf pyromancer (D:8)
  A cyclops (D:8)
  A hornet (D:7)
  Grinder (D:3)
  Eustachio (D:5)
  A steam dragon (D:8)
  A vampire mosquito (D:8)
  Menkaure (D:3)
  Edmund (D:4)
  2 orc warriors
  2 black bears
  A sky beast (D:6)
  The ghost of NoOffense the Ducker, an amateur TrWn (D:4)
  An ice beast (D:5)
  2 ogres
  3 centaurs (D:8)
  A bullfrog (D:7)
  4 kobold brigands
  2 scorpions (D:5)
  A necrophage (D:8)
  A gnoll sergeant (D:6)
  4 howler monkeys
  A crimson imp (D:5)
  3 hounds
  5 orc priests
  3 iguanas
  Terence (D:1)
  Natasha (thrice) (D:3)
  12 orc wizards
  10 gnolls
  10 adders
  A shadow imp (D:7)
  A white imp (D:5)
  5 ufetubi
  4 worms
  2 dart slugs (D:3)
  30 orcs
  6 ball pythons
  7 bats
  5 endoplasms
  3 giant cockroaches (D:2)
  10 goblins
  9 hobgoblins
  6 jackals
  7 quokkas
  3 frilled lizards (D:3)
  17 kobolds
  5 rats
  A spectral hobgoblin (D:7)
204 creatures vanquished.

Vanquished Creatures (others)
  A kobold (D:4)
  5 fungi (D:3)
  2 plants (D:3)
8 creatures vanquished.

Grand Total: 212 creatures vanquished

Notes
Turn   | Place    | Note
-------+----------+-------------------------------------------
     0 | D:1      | Bnni the Formicid Hexslinger began the quest for the Orb.
     0 | D:1      | Reached XP level 1. HP: 15/15 MP: 2/2
    61 | D:1      | Reached XP level 2. HP: 21/21 MP: 3/3
   341 | D:1      | Reached skill level 4 in Hexes
   347 | D:1      | Reached XP level 3. HP: 25/26 MP: 4/4
   357 | D:1      | Reached skill level 1 in Fire Magic
   361 | D:1      | Learned a level 3 spell: Inner Flame
   602 | D:2      | Noticed Terence
   851 | D:1      | Killed Terence
   852 | D:1      | Reached XP level 4. HP: 33/33 MP: 0/6
  1959 | D:3      | Reached XP level 5. HP: 38/38 MP: 7/7
  2159 | D:3      | Found a faded altar of an unknown god.
  2172 | D:3      | Noticed Natasha
  2178 | D:3      | Killed Natasha
  2451 | D:3      | Noticed Natasha
  2459 | D:3      | Killed Natasha
  2545 | D:3      | Learned a level 4 spell: Cause Fear
  2734 | D:3      | Noticed Natasha
  2739 | D:3      | Killed Natasha
  2740 | D:3      | Reached XP level 6. HP: 37/44 MP: 2/9
  2860 | D:3      | Reached skill level 1 in Armour
  2860 | D:3      | Reached skill level 5 in Hexes
  3034 | D:4      | Noticed Menkaure
  3261 | D:3      | Killed Menkaure
  3262 | D:3      | Reached XP level 7. HP: 16/51 MP: 6/10
  3394 | D:4      | Noticed Grinder
  3411 | D:3      | Killed Grinder
  3412 | D:3      | Reached skill level 6 in Hexes
  3562 | D:3      | Learned a level 3 spell: Portal Projectile
  3595 | D:4      | Noticed Edmund
  3598 | D:4      | Found a broken altar of Ashenzari.
  3615 | D:4      | Found a shadowy altar of Dithmenos.
  3617 | D:4      | Found a blossoming altar of Fedhas.
  3617 | D:4      | Found a basalt altar of Yredelemnul.
  3620 | D:4      | Found a radiant altar of Vehumet.
  3622 | D:4      | Became a worshipper of Dithmenos the Shadowed
  3684 | D:3      | Reached XP level 8. HP: 46/58 MP: 2/12
  3913 | D:4      | Found an ornate altar of the Wu Jian Council.
  4034 | D:4      | Found a runed translucent door.
  4205 | D:4      | Noticed NoOffense's ghost (amateur TrWn)
  4222 | D:4      | Killed NoOffense's ghost
  4223 | D:4      | Reached skill level 1 in Summonings
  4223 | D:4      | Reached skill level 1 in Translocations
  4362 | D:4      | Killed Edmund
  4460 | D:5      | Entered Level 5 of the Dungeon
  4672 | D:5      | Noticed Eustachio
  4689 | D:5      | Reached * piety under Dithmenos
  4689 | D:5      | Killed Eustachio
  4690 | D:5      | Reached skill level 5 in Ranged Weapons
  4690 | D:5      | Reached skill level 7 in Hexes
  5078 | D:5      | Reached XP level 9. HP: 65/65 MP: 10/14
  5200 | D:5      | Found Nir Guy's Armour Shoppe.
  5601 | D:5      | Found a burning altar of Makhleb.
  6408 | D:6      | Found a glowing silver altar of Zin.
  6519 | D:6      | Found an iron altar of Okawaru.
  6653 | D:6      | Learned a level 5 spell: Summon Mana Viper
  6706 | D:6      | Reached skill level 8 in Hexes
  6937 | D:6      | Found a sparkling altar of Nemelex Xobeh.
  7087 | D:7      | Noticed a hornet
  7093 | D:7      | Killed a hornet
  7359 | D:7      | Reached ** piety under Dithmenos
  7821 | D:7      | Reached XP level 10. HP: 59/66 MP: 16/16
  8058 | D:7      | Found a staircase to the Ecumenical Temple.
  8138 | D:7      | Found a hazy altar of Hepliaklqana.
  8484 | D:8      | Reached skill level 5 in Fighting
  8689 | D:8      | Reached skill level 9 in Hexes
  8871 | D:8      | Reached skill level 5 in Spellcasting
  9137 | D:8      | Noticed a cyclops
  9141 | D:8      | Killed a cyclops
  9141 | D:8      | Noticed a deep elf pyromancer
  9148 | D:8      | Killed a deep elf pyromancer
  9164 | D:8      | HP: 3/75 [orc wizard/+6 dagger (2)]
  9165 | D:8      | Shot with an arrow by a centaur

Illustrated notes

Levels and vault maps discovered:
D:1:      lightli_arrival_windingriver, layout_basic
D:2:      layout_loops_ring, uniq_terence
D:3:      layout_loops_ring, shapermc_ecumenical_altar_acropolis,
          serial_aquarium, aquarium_bridge_square [aquarium_subvault_bridge,
          aquarium_subvault_wall, aquarium_subvault_bridge,
          aquarium_subvault_wall], aquarium_window_fake, aquarium_window_1,
          aquarium_view_2f, aquarium_view_2c, aquarium_balcony_double_1,
          aquarium_pool_2, uniq_natasha
D:4:      layout_cave_pools, grunt_temple_overflow_open,
          nicolae_ashenzari_skybound, mainiacjoe_overflow_boulevard,
          ebering_ghost_sewer_d, uniq_grinder, uniq_menkaure, uniq_edmund
D:5:      layout_basic, makhleb_grotto_becter, serial_shops, shop_fountains,
          minmay_fountain_box, serial_park_tiny_2, kennysheep_cluttered_room,
          grunt_ministairs_9, grunt_decor_mini_mirrors, minivault_14,
          supply_closet_lemuel, uniq_eustachio
D:6:      layout_loops_ring, old_standard_altar, lemuel_round_altar,
          nemelex_spade_bored_becter, palyth_stone_intersect,
          minmay_misc_feat_iff
D:7:      layout_basic, nicolae_hepliaklqana_monster_ancestors,
          minmay_temple_entry_antechambers, grunt_decor_clamped
D:8:      layout_cave_pools, minmay_manual_mail

Skill      XL: |  1  2  3  4  5  6  7  8  9 10 |
---------------+-------------------------------+-----
Hexes          | 4 5 6 7 8 9 |  9.8
Fire Magic     | 1 2 3 |  3.0
Fighting       | 2 3 4 5 |  5.8
Ranged Weapons | 3 4 5 6 7 |  7.7
Spellcasting   | 2 3 4 5 |  5.0
Armour         | 1 2 3 4 |  4.0
Summonings     | 1 3 4 |  4.3
Translocations | 1 2 3 |  3.0
Dodging        | |  1.7

Action                   |  1- 3 |  4- 6 |  7- 9 | 10-12 || total
-------------------------+-------+-------+-------+-------++-------
Melee: Sling             |       |     1 |     2 |       ||     3
 Fire: Sling             |    91 |   215 |   368 |    45 ||   719
       Shortbow          |       |       |       |    65 ||    65
 Cast: Slow              |    17 |     6 |     1 |       ||    24
       Inner Flame       |     3 |     6 |    39 |    11 ||    59
       Portal Projectile |       |       |     1 |     1 ||     2
       Cause Fear        |       |       |       |     2 ||     2
 Abil: Dig               |     1 |     1 |     2 |     1 ||     5
  Use: Scroll            |       |     3 |     1 |     1 ||     5
       Potion            |       |     2 |     4 |     1 ||     7
Armor: Robe              |     6 |    11 |       |       ||    17
       Leather armour    |       |    62 |    76 |    24 ||   162
Dodge: Dodged            |    47 |   103 |   170 |    51 ||   371

Table legend: (Time is in decaauts)
 A = Elapsed time spent in this place.
 B = Non-inter-level travel time spent in this place.
 C = Inter-level travel time spent in this place.
 D = Time resting spent in this place.
 E = Time spent auto-exploring this place.
 F = Levels seen in this place.
 G = Mean time per level.
                   A        B        C        D        E       F      G
               +--------+--------+--------+--------+--------+-----+--------+
         Total |   9341 |   9110 |    231 |   1779 |   5487 |   8 | 1167.6 |
       Dungeon |   9341 |   9110 |    231 |   1779 |   5487 |   8 | 1167.6 |
               +--------+--------+--------+--------+--------+-----+--------+

Top non-repeatable levels by time:
     D:3: 1868 daAuts
     D:7: 1523 daAuts
     D:5: 1515 daAuts
     D:6: 1126 daAuts
     D:1: 931 daAuts
     D:2: 911 daAuts
     D:4: 869 daAuts
     D:8: 594 daAuts
